 Dungeon Crawl Stone Soup version 0.27.0-1-g7a089689b8 (webtiles) character file.

Game seed: 4997602620533658644

1195 trckry the Grasshopper (level 8, -1/74 HPs)
             Began as an Ogre Warper on Aug 14, 2021.
             Was a High Priest of Elyvilon.
             Slain by a vampire mosquito (6 damage)
             ... on level 6 of the Dungeon.
             The game lasted 00:16:06 (7060 turns).

trckry the Grasshopper (Ogre Warper)                Turns: 7060, Time: 00:16:07

Health: -1/74      AC:  3    Str: 17    XL:     8   Next: 44%
Magic:  1/11       EV:  9    Int: 15    God:    Elyvilon [*****.]
Gold:   235        SH:  5    Dex:  8    Spells: 1/11 levels left

rFire    . . .     SeeInvis +   v - +7 lajatang of Alualun {vorpal, *Noise rElec Will+}
rCold    . . .     Faith    .   (shield currently unavailable)
rNeg     . . .     Spirit   .   b - +0 robe
rPois    .         Reflect  +   (helmet restricted)
rElec    +         Harm     .   (no cloak)
rCorr    .         Rampage  .   (gloves unavailable)
Will     +....                  (boots unavailable)
Stlth    +.........             w - amulet of reflection
HPRegen  0.22/turn              n - ring of see invisible
MPRegen  0.12/turn              (no ring)

@: no status effects
A: large, unfitting armour, tough skin 1
a: Renounce Religion, Lesser Healing, Heal Other, Purification, Greater Healing,
Divine Vigour, Divine Protection


You were on level 6 of the Dungeon.
You worshipped Elyvilon.
Elyvilon was extremely pleased with you.
You visited 1 branch of the dungeon, and saw 6 of its levels.

You collected 235 gold pieces.

Inventory:

Hand Weapons
 v - the +7 lajatang of Alualun (weapon) {vorpal, *Noise rElec Will+}
   (You found it on level 4 of the Dungeon)

   It inflicts extra damage upon your enemies.
   rElec:     It insulates you from electricity.
   *Noise:    It may make noises in combat.
   Will:      It increases your willpower.
 y - a +0 giant spiked club
Missiles
 d - 5 boomerangs of dispersal
 f - 7 boomerangs
 s - 11 curare-tipped darts (quivered)
Armour
 b - a +0 robe (worn)
Jewellery
 n - a ring of see invisible (left hand)
 w - an amulet of reflection (around neck)
Wands
 x - a wand of flame (29)
 B - a wand of polymorph (9)
Scrolls
 c - 2 scrolls of blinking
 h - a scroll of noise {unknown}
 j - 2 scrolls of teleportation {unknown}
 k - a scroll of identify {unknown}
 m - 3 scrolls of amnesia {unknown}
 o - a scroll of fear {unknown}
 p - a scroll of magic mapping {unknown}
 A - a scroll of summoning {unknown}
 C - a scroll of vulnerability {unknown}
Potions
 a - 2 potions of curing {unknown}
 e - 2 potions of might {unknown}
 g - 3 potions of flight {unknown}
 i - 2 potions of heal wounds {unknown}
 l - a potion of lignification {unknown}
 q - 3 potions of mutation {unknown}
 r - a potion of attraction {unknown}
 t - a potion of brilliance {unknown}
 u - a potion of resistance {unknown}
 z - a potion of invisibility {unknown}
 D - a potion of berserk rage {unknown}


   Skills:
 - Level 2.6 Fighting
 * Level 6.0 Maces & Flails
 - Level 1.0 Throwing
 - Level 2.1 Dodging
 - Level 2.4 Spellcasting
 * Level 6.3 Translocations
 + Level 4.4 Invocations


You had one spell level left.
You knew the following spells:

 Your Spells              Type           Power      Damage    Failure   Level
a - Blink                 Tloc           N/A        N/A       2%          2
b - Gell's Gravitas       Tloc           10%        N/A       4%          3
c - Manifold Assault      Tloc           20%        N/A       41%         5

Your spell library contained the following spells:

 Spells                   Type           Power      Damage    Failure   Level
 Lesser Beckoning         Tloc           10%        N/A       4%          3
 Teleport Other           Tloc           20%        N/A       4%          3
 Call Canine Familiar     Summ           1%         N/A       54%         3
 Spellforged Servitor     Conj/Summ      0%         N/A       100%        7


Dungeon Overview and Level Annotations

Branches:
Dungeon (6/15)
 Temple: D:4-7

Altars:
Elyvilon


Innate Abilities, Weirdness & Mutations

You are too large for most types of armour.
You have tough skin. (AC +1)


Message History

You regained 6 hp, and now have 25/74 hp.
You now have 0/11 mp.
You slash the vampire mosquito!
The vampire mosquito is heavily damaged.
The vampire mosquito bites you.
* * * LOW HITPOINT WARNING * * *
The vampire mosquito draws strength from your injuries!
The vampire mosquito barely misses you.
You take 3 damage, and have 22/74 hp.
You slash the vampire mosquito!
The vampire mosquito is almost destroyed.
The vampire mosquito closely misses you.
The vampire mosquito bites you.
* * * LOW HITPOINT WARNING * * *
The vampire mosquito draws strength from your injuries!
You take 4 damage, and have 18/74 hp.
You barely miss the vampire mosquito.
The vampire mosquito is severely damaged.
The vampire mosquito bites you.
* * * LOW HITPOINT WARNING * * *
The vampire mosquito draws strength from your injuries!
The vampire mosquito bites you.
* * * LOW HITPOINT WARNING * * *
The vampire mosquito draws strength from your injuries!
You take 7 damage, and have 11/74 hp.
You miss the vampire mosquito.
The vampire mosquito is heavily damaged.
The vampire mosquito bites you but does no damage.
The vampire mosquito closely misses you.
The vampire mosquito bites you.
* * * LOW HITPOINT WARNING * * *
The vampire mosquito draws strength from your injuries!
You take 2 damage, and have 9/74 hp.
You closely miss the vampire mosquito.
The vampire mosquito is heavily damaged.
The vampire mosquito bites you.
* * * LOW HITPOINT WARNING * * *
The vampire mosquito draws strength from your injuries!
The vampire mosquito bites you.
You die...

..........+
..........#
..........#
..$.....# ##......#
#/......# ###(#
#.#y# ###########
..#@### .....#....#
#.#...# ###.##.##.#
#.###.#
#.##.##.####.#.#.##
#....##...<.......#
############.....##
#.....#.#
#....##...
#.#########


You could see a vampire mosquito.

Vanquished Creatures
  A vampire mosquito (D:6)
  Menkaure (D:5)
  Duvessa (D:5)
  A black bear (D:4)
  2 ogres
  A bullfrog (D:5)
  Dowan (D:5)
  2 water moccasin skeletons
  A bullfrog zombie (D:4)
  3 hounds (D:4)
  An orc priest (D:4)
  Jessica (D:2)
  An iguana (D:5)
  An orc wizard (D:4)
  7 adders
  An adder skeleton (D:3)
  3 worms (D:2)
  3 dart slugs
  10 orcs
  5 ball pythons
  6 endoplasms
  2 giant cockroaches (D:2)
  6 goblins
  7 hobgoblins
  9 jackals
  A quokka (D:2)
  2 bats
  5 frilled lizards
  3 kobolds
  3 rats
91 creatures vanquished.

Notes
Turn   | Place    | Note
-------+----------+-------------------------------------------
     0 | D:1      | trckry the Ogre Warper began the quest for the Orb.
     0 | D:1      | Reached XP level 1. HP: 22/22 MP: 3/3
   366 | D:1      | Found a faded altar of an unknown god.
   386 | D:1      | Became a worshipper of Elyvilon the Healer
   386 | D:1      | Reached * piety under Elyvilon
   526 | D:1      | Reached XP level 2. HP: 25/29 MP: 5/5
  1492 | D:2      | Noticed Jessica
  1502 | D:2      | Killed Jessica
  1503 | D:2      | Reached skill level 1 in Invocations
  1503 | D:2      | Reached XP level 3. HP: 24/36 MP: 6/6
  1654 | D:2      | Reached ** piety under Elyvilon
  1852 | D:2      | Reached XP level 4. HP: 43/44 MP: 7/7
  3200 | D:3      | Reached *** piety under Elyvilon
  3315 | D:3      | Reached XP level 5. HP: 50/50 MP: 8/8
  3319 | D:3      | Learned a level 2 spell: Blink
  3323 | D:3      | Learned a level 3 spell: Gell's Gravitas
  4642 | D:4      | Noticed a black bear
  4662 | D:4      | Killed a black bear
  4663 | D:4      | Reached XP level 6. HP: 59/59 MP: 9/9
  4768 | D:4      | Identified the +7 lajatang of Alualun {vorpal, *Noise rElec
                  | Will+}
  5136 | D:4      | Reached **** piety under Elyvilon
  5210 | D:4      | Reached XP level 7. HP: 34/66 MP: 10/10
  5431 | D:4      | Reached skill level 5 in Translocations
  5443 | D:4      | Learned a level 5 spell: Manifold Assault
  5809 | D:5      | Entered Level 5 of the Dungeon
  5810 | D:5      | Noticed Duvessa
  5814 | D:5      | Noticed Dowan
  5818 | D:5      | Killed Duvessa
  5823 | D:5      | Killed Dowan
  5824 | D:5      | Reached skill level 5 in Maces & Flails
  6115 | D:5      | Reached XP level 8. HP: 57/74 MP: 11/11
  6212 | D:5      | Got the Reference Book on Summoning
  6247 | D:5      | Noticed Menkaure
  6252 | D:5      | Killed Menkaure
  6554 | D:5      | Reached ***** piety under Elyvilon
  7052 | D:6      | HP: 6/74 [vampire mosquito (11)]
  7058 | D:6      | HP: 11/74 [vampire mosquito (2)]
  7060 | D:6      | HP: 5/74 [vampire mosquito (4)]
  7060 | D:6      | Slain by a vampire mosquito

Illustrated notes

Levels and vault maps discovered:
D:1:      dpeg_arrival_castle, layout_basic, shapermc_ecumenical_altar_ellora
D:2:      minmay_chambers_of_ones, layout_rooms, serial_corexii_hall,
          corexii_hall_statues_t, corexii_hall_statues_s,
          chequers_hall_statues_y, corexii_hall_statues_l, uniq_jessica
D:3:      layout_basic, serial_rivers, chequers_serial_rivers_micro_d,
          chequers_serial_rivers_marsh, chequers_serial_rivers_room_a,
          chequers_serial_rivers_micro_a, chequers_serial_rivers_micro_e,
          patterned_corridor
D:4:      black_bear_nest_2, layout_basic
D:5:      layout_basic, kennysheep_generic_room_3, uniq_duvessa, uniq_menkaure
D:6:      layout_basic, marbit_many_paths, minmay_temple_entry_slanted,
          uniq_pikel

Skill      XL: |  1  2  3  4  5  6  7  8 |
---------------+-------------------------+-----
Maces & Flails | 2 3 4 5 6 |  6.0
Translocations | 3 4 5 6 |  6.3
Invocations    | 1 2 3 4 |  4.4
Fighting       | |  2.6
Throwing       | |  1.0
Dodging        | |  2.1
Spellcasting   | |  2.4

Action                   |  1- 3 |  4- 6 |  7- 9 || total
-------------------------+-------+-------+-------++-------
Melee: Mace              |    64 |   141 |       ||   205
       Lajatang          |       |    29 |    49 ||    78
Throw: Boomerang         |    27 |     3 |     5 ||    35
       Dart              |       |     7 |     6 ||    13
 Cast: Gell's Gravitas   |       |     2 |     3 ||     5
Invok: Lesser Healing    |       |     1 |     2 ||     3
       Greater Healing   |       |       |     1 ||     1
Armor: Robe              |    25 |    48 |     6 ||    79
Dodge: Dodged            |    40 |    80 |    22 ||   142
Block: Other             |       |       |    13 ||    13
